[Event "Titled Tuesday Blitz August 08 Early 2023"]
[White "Maus7"]
[Black "Wong, Zhenyong Jayden"]
[BlackFideId "5821975"]
[WhiteElo "2542"]
[BlackElo "2320"]
[Result "0-1"]
[Round "5"]
[TimeControl "180+1"]
[Date "2023.08.08"]
[WhiteClock "0:00:00"]
[BlackClock "0:00:33"]
[Board "148"]

1. e4 g6 2. d4 Bg7 3. Nc3 a6 4. Be3 b5 5. h4 Bb7 6. h5 b4 7. Nd5 e6 8. Nxb4 Bxe4 9. Nf3 Nf6 10. hxg6 hxg6 11. Rxh8+ Bxh8 12. Bd3 Bb7 13. c4 a5 14. Nc2 Bg7 15. Qe2 Nc6 16. Bd2 Kf8 17. O-O-O Ne7 18. Bg5 c5 19. dxc5 Qc7 20. Qe5 Qxe5 21. Nxe5 Ke8 22. Bf1 Rc8 23. Be3 Nf5 24. Bg5 Ne4 25. Bf4 Nxf2 26. Re1 Rxc5 27. g4 Bxe5 28. Bxe5 Nxg4 29. Bc3 d5 30. b3 dxc4 31. bxc4 Ba6 32. Na3 Nge3 0-1


[Site "https://www.chess.com"]

[Event "Titled Tuesday Blitz August 08 Early 2023"]
[White "Keleberda, Tymur"]
[Black "Zaksaite, Salomeja"]
[WhiteFideId "14174294"]
[BlackFideId "12801496"]
[WhiteElo "2540"]
[BlackElo "2317"]
[Result "1-0"]
[Round "5"]
[TimeControl "180+1"]
[Date "2023.08.08"]
[WhiteClock "0:02:05"]
[BlackClock "0:00:06"]
[Board "149"]

1. d4 Nf6 2. c4 g6 3. g3 Bg7 4. Bg2 d6 5. Nc3 O-O 6. e4 Nc6 7. Nge2 e5 8. d5 Nb8 9. O-O a5 10. f4 exf4 11. gxf4 Re8 12. h3 Na6 13. Be3 b6 14. Bd4 Nc5 15. e5 Nh5 16. exd6 cxd6 17. Bxg7 Kxg7 18. Nd4 Qf6 19. Ncb5 Re7 20. Rf3 Nxf4 21. Qd2 g5 22. Nc6 Re2 23. Rxf4 Rxd2 24. Rxf6 Kxf6 25. Nc7 Ra6 26. Rf1+ Kg7 27. Ne7 Ra7 28. Ne8+ Kf8 29. Nxc8 Re7 30. Nxe7 Kxe7 31. Nf6 Rxb2 32. Nxh7 Rxa2 33. Nxg5 a4 34. Rxf7+ Ke8 35. Ra7 a3 36. Bf3 Ra1+ 37. Kf2 a2 38. Ne6 Nb3 39. Bh5# 1-0


[Site "https://www.chess.com"]

[Event "Titled Tuesday Blitz August 08 Early 2023"]
[White "Jahnz, Fabian"]
[Black "Palczert, Matyas"]
[WhiteFideId "4653300"]
[BlackFideId "784958"]
[WhiteElo "2310"]
[BlackElo "2539"]
[Result "1/2-1/2"]
[Round "5"]
[TimeControl "180+1"]
[Date "2023.08.08"]
[WhiteClock "0:00:17"]
[BlackClock "0:00:09"]
[Board "150"]

1. e4 c5 2. Nf3 e6 3. d4 cxd4 4. Nxd4 Nc6 5. c4 Nf6 6. Nc3 Bb4 7. Nxc6 bxc6 8. Bd3 e5 9. O-O O-O 10. a3 Bc5 11. b4 Bd4 12. Bb2 Re8 13. Qc2 d6 14. Ne2 Bxb2 15. Qxb2 d5 16. Ng3 h5 17. cxd5 h4 18. Nf5 Bxf5 19. exf5 h3 20. d6 e4 21. Bc4 Qxd6 22. Qb3 hxg2 23. Bxf7+ Kf8 24. Kxg2 Ng4 25. Rh1 Qf4 26. Bxe8 Qxf2+ 27. Kh3 Rxe8 28. Kxg4 e3 29. Qc4 Qg2+ 30. Kh4 Re4+ 31. Qxe4 Qxe4+ 32. Kg3 Qe5+ 33. Kf3 Qxf5+ 34. Ke2 Qc2+ 35. Kf3 Qc3 36. Rae1 Qxa3 37. Rxe3 Qxb4 38. Rf1 Kg8 39. Ke2 Qb2+ 40. Kd3 a5 41. Ref3 Qb3+ 42. Kd4 Qd5+ 43. Kc3 a4 44. Rf8+ Kh7 45. R1f3 Qb3+ 46. Kd4 Qb4+ 47. Ke5 Qc5+ 48. Ke6 Qd5+ 49. Ke7 Qe5+ 50. Kd7 Qd5+ 51. Kc7 Qe5+ 52. Kxc6 Qe4+ 53. Kc5 Qe5+ 54. Kb4 Qd4+ 55. Ka3 Qc5+ 56. Kxa4 Qc4+ 57. Ka3 Qc5+ 58. Kb3 Qb5+ 59. Kc3 Qc5+ 60. Kd3 Qd5+ 61. Ke3 Qe5+ 62. Kf2 Qb2+ 63. Kg3 Qe5+ 64. Kg2 Qe2+ 65. Kh3 Qe6+ 66. Kg2 Qe2+ 67. Kg1 Qe1+ 68. Rf1 Qe3+ 69. R8f2 Qe4 70. Rg2 Qe3+ 71. Kh1 Qe4 72. Rg1 Qd5 73. h3 Qf3 74. Kh2 Qf4+ 75. Kh1 Qf3 76. Kh2 Qf4+ 77. Rg3 Qf2+ 78. R1g2 Qf4 79. Kg1 Qc1+ 80. Kf2 Qd2+ 81. Kf3 Qd3+ 82. Kf2 Qd2+ 83. Kg1 Qc1+ 84. Kh2 Qf4 85. Kh1 Qf1+ 86. Rg1 Qf6 87. Kh2 Qf2+ 88. R1g2 Qf4 1/2-1/2


[Site "https://www.chess.com"]

[Event "Titled Tuesday Blitz August 08 Early 2023"]
[White "Doluhanova, Evgeniya"]
[Black "Ismagilov, Damir"]
[WhiteFideId "14112035"]
[BlackFideId "34199982"]
[WhiteElo "2309"]
[BlackElo "2537"]
[Result "0-1"]
[Round "5"]
[TimeControl "180+1"]
[Date "2023.08.08"]
[WhiteClock "0:00:00"]
[BlackClock "0:00:05"]
[Board "151"]

1. Nf3 Nf6 2. b3 g6 3. Bb2 Bg7 4. e3 O-O 5. Be2 d6 6. O-O e5 7. c4 Nc6 8. d4 e4 9. Nfd2 Ne7 10. d5 c6 11. dxc6 bxc6 12. Nc3 d5 13. cxd5 cxd5 14. Nb5 Bd7 15. Rc1 h5 16. b4 a5 17. bxa5 Rxa5 18. a4 Qa8 19. Nb3 Rxa4 20. Nc5 Bxb5 21. Bxb5 Rb4 22. Bxf6 Bxf6 23. Nd7 Bb2 24. Nxf8 Qxf8 25. Bd7 Bxc1 26. Qxc1 Qd8 27. Qc5 Rc4 28. Qb5 Rc7 29. Bh3 Qd6 30. g3 Kg7 31. Qb2+ Qf6 32. Qb5 Rc2 33. Qd7 Rd2 34. Qd8 Nc6 35. Qc7 Ne5 36. Bg2 Ng4 37. Qf4 Qxf4 38. gxf4 f5 39. h3 Nf6 40. Rc1 h4 41. Rc7+ Kh6 42. Bf1 d4 43. exd4 Rxd4 44. Kg2 Nh5 45. Rc6 Nxf4+ 46. Kg1 Rd1 47. Rb6 Ne2+ 48. Kg2 Nf4+ 49. Kg1 Kg5 50. Rc6 Nd3 51. Rd6 Nxf2 0-1


[Site "https://www.chess.com"]

[Event "Titled Tuesday Blitz August 08 Early 2023"]
[White "rionelG"]
[Black "Degenbaev, Aziz"]
[BlackFideId "13802640"]
[WhiteElo "2309"]
[BlackElo "2533"]
[Result "0-1"]
[Round "5"]
[TimeControl "180+1"]
[Date "2023.08.08"]
[WhiteClock "0:00:00"]
[BlackClock "0:01:14"]
[Board "152"]

1. e4 c5 2. g3 Nc6 3. Bg2 Nf6 4. Ne2 h5 5. h3 e5 6. c3 d6 7. d4 cxd4 8. cxd4 exd4 9. Nxd4 Nxd4 10. Qxd4 Be6 11. Nc3 Be7 12. O-O O-O 13. Be3 a6 14. Rac1 Rc8 15. Rfd1 Qd7 16. Kh2 Rc4 17. Qd3 Rfc8 18. f4 Qe8 19. b3 Rb4 20. Na4 Nd7 21. Bd2 Rb5 22. Qe2 Nf6 23. Rxc8 Qxc8 24. Rc1 Qd8 25. Qd3 d5 26. e5 Ne4 27. Be1 Nc5 28. Nxc5 Rxc5 29. Rxc5 Bxc5 30. Bc3 d4 31. Bd2 Bd5 32. Qe2 Bxg2 33. Kxg2 g6 34. Qe4 Qd7 35. Kf3 Qxh3 36. Be1 Qh1+ 0-1


[Site "https://www.chess.com"]

[Event "Titled Tuesday Blitz August 08 Early 2023"]
[White "maksimys18"]
[Black "Cagara, Paulina"]
[BlackFideId "1124870"]
[WhiteElo "2533"]
[BlackElo "2260"]
[Result "0-1"]
[Round "5"]
[TimeControl "180+1"]
[Date "2023.08.08"]
[WhiteClock "0:00:06"]
[BlackClock "0:00:06"]
[Board "153"]

1. d4 f5 2. Nf3 Nf6 3. c4 g6 4. Nc3 Bg7 5. Bg5 O-O 6. e3 d6 7. Be2 c6 8. Qc2 Nbd7 9. Rd1 h6 10. Bh4 g5 11. Bg3 Qe8 12. Qxf5 Ne5 13. Qc2 Ng6 14. c5 d5 15. Ne5 Nxe5 16. Bxe5 Ng4 17. Bxg7 Kxg7 18. O-O e5 19. h3 Nxf2 20. Rxf2 Rxf2 21. Kxf2 exd4 22. exd4 Qf7+ 23. Bf3 Bf5 24. Qd2 Rf8 25. Kg1 Bxh3 26. Qe3 Bf5 27. Re1 Qg6 28. Qe5+ Kg8 29. Qd6 Qg7 30. Re5 Bd3 31. Qe7 Rf7 32. Qe8+ Kh7 33. Bh5 Rf1+ 34. Kh2 Rf8 35. Re7 Rxe8 36. Rxg7+ Kxg7 37. Bxe8 Kf6 38. Bd7 h5 39. Bc8 b6 40. Bd7 bxc5 41. dxc5 d4 42. Nd1 Be4 43. b4 a6 44. a4 g4 45. b5 axb5 46. axb5 cxb5 47. Bxb5 h4 48. c6 g3+ 49. Kh3 Kg5 50. Nf2 Bf5+ 51. Ng4 Bxg4# 0-1


[Site "https://www.chess.com"]

[Event "Titled Tuesday Blitz August 08 Early 2023"]
[White "Baghdasaryan, Vahe"]
[Black "EvgenyBurmakin"]
[WhiteFideId "13303139"]
[WhiteElo "2528"]
[BlackElo "2241"]
[Result "1-0"]
[Round "5"]
[TimeControl "180+1"]
[Date "2023.08.08"]
[WhiteClock "0:00:04"]
[BlackClock "0:00:00"]
[Board "154"]

1. e4 c5 2. c3 Nf6 3. e5 Nd5 4. Nf3 e6 5. Bc4 d6 6. d4 Nc6 7. Qe2 cxd4 8. cxd4 dxe5 9. dxe5 Bb4+ 10. Bd2 O-O 11. O-O a6 12. a3 Bxd2 13. Nbxd2 b5 14. Ba2 Bb7 15. Ne4 Qc7 16. Nd6 Rad8 17. Rac1 Rxd6 18. exd6 Qxd6 19. Rfd1 Nce7 20. Qe5 Qb6 21. Nd4 a5 22. f3 b4 23. a4 h6 24. Kh1 Rd8 25. Nb5 Bc6 26. Bc4 Rb8 27. Rd2 Ng6 28. Qd4 Qxd4 29. Rxd4 Re8 30. Bxd5 Bxd5 31. Re1 Bb3 32. Nd6 Rd8 33. Ra1 e5 34. Rd2 Nf4 35. Ne4 Rc8 36. g3 Ne6 37. Nd6 Rc6 38. Ne4 Nd4 39. Rf2 Bd5 40. Nd2 f5 41. Re1 Re6 42. Kg1 Kf7 43. f4 e4 44. Re3 Kf6 45. g4 g6 46. gxf5 gxf5 47. Rh3 Kg7 48. Rg2+ Kh7 49. Nf1 Rc6 50. Ne3 Nf3+ 51. Kf2 Rc1 52. Kg3 Rb1 53. Nxf5 Rxb2 54. Ne3 1-0


[Site "https://www.chess.com"]

[Event "Titled Tuesday Blitz August 08 Early 2023"]
[White "Preobrazhenska_D2011"]
[Black "Sreyas Payyappat"]
[BlackFideId "46674969"]
[WhiteElo "2237"]
[BlackElo "2527"]
[Result "1/2-1/2"]
[Round "5"]
[TimeControl "180+1"]
[Date "2023.08.08"]
[WhiteClock "0:00:12"]
[BlackClock "0:00:20"]
[Board "155"]

1. e4 c6 2. d4 d5 3. exd5 cxd5 4. Nf3 Nc6 5. c4 Bg4 6. Be3 Nf6 7. Nc3 e6 8. c5 Ne4 9. Qc2 Nxc3 10. Qxc3 Bxf3 11. gxf3 Be7 12. b4 Bf6 13. f4 h6 14. Bd3 g5 15. fxg5 hxg5 16. b5 Qa5 17. Qxa5 Nxa5 18. Rc1 O-O-O 19. Ke2 Rh4 20. Bd2 Nc4 21. Bxc4 dxc4 22. Rxc4 Rdxd4 23. Rxd4 Bxd4 24. Bxg5 Rh5 25. Be7 Kd7 26. Bf8 Ke8 27. Bd6 Bxc5 28. Bb8 Rf5 29. f4 Bb6 30. a4 Rc5 31. Kd3 Rd5+ 32. Ke2 Rd4 33. Ra1 Ba5 34. Be5 Rd2+ 35. Kf3 Rxh2 36. f5 Rh5 37. Rc1 Rxf5+ 38. Ke4 Kd7 39. Rd1+ Ke7 40. Bd6+ Ke8 41. Be5 Rf2 42. Rc1 Kd7 43. Rd1+ Ke7 44. Bd6+ Ke8 45. Bg3 Ra2 46. Rd4 Bb6 47. Rc4 Kd7 48. Be5 Re2+ 49. Kf4 f5 50. Bf6 Bc7+ 51. Kf3 Rh2 52. Rd4+ Ke8 53. Rc4 Rh3+ 54. Kg2 Rh6 55. Rxc7 Rxf6 56. Rxb7 Rf7 57. Rb8+ Kd7 58. a5 Kc7 59. Re8 Kd6 60. Rd8+ Kc5 61. b6 axb6 62. axb6 Kxb6 63. Rd6+ Kc5 64. Rxe6 Kd4 65. Kf3 Ra7 66. Kf4 Rf7 67. Rd6+ Kc5 68. Rd2 Rf8 69. Rd1 Kc4 70. Rd7 Rh8 71. Kxf5 Rh4 72. Ke6 Rh1 73. Rc7+ Kb5 74. Rb7+ Kc6 75. Re7 Re1+ 76. Kf7 Rf1+ 77. Ke6 Rf2 78. Rf7 Re2+ 79. Kf6 Kd6 80. Kg5 Rg2+ 81. Kf6 Rg1 82. Ra7 Rf1+ 83. Kg5 Ke5 84. Ra5+ Ke6 85. Ra6+ Kf7 86. Ra7+ Ke6 87. Ra6+ Kf7 88. Ra7+ Kg8 89. Ra8+ Kg7 90. Ra7+ Rf7 91. Rxf7+ Kxf7 1/2-1/2


[Site "https://www.chess.com"]

[Event "Titled Tuesday Blitz August 08 Early 2023"]
[White "Pinero Rodriguez, Carlos Jose"]
[Black "LionKing2367890"]
[WhiteFideId "3901726"]
[WhiteElo "2526"]
[BlackElo "2214"]
[Result "0-1"]
[Round "5"]
[TimeControl "180+1"]
[Date "2023.08.08"]
[WhiteClock "0:01:08"]
[BlackClock "0:00:16"]
[Board "156"]

1. e4 e5 2. Nf3 Nc6 3. Bc4 Bc5 4. d4 Bxd4 5. Nxd4 Nxd4 6. O-O Nf6 7. f4 d6 8. fxe5 dxe5 9. Bg5 Qe7 10. Nc3 Qc5 11. Bxf7+ Kxf7 12. Qh5+ Ke7 13. Bxf6+ gxf6 14. Nd5+ Kd6 15. Rxf6+ Be6 16. Kh1 c6 17. c4 cxd5 18. cxd5 Rhf8 19. Rh6 Qc4 20. Qd1 Rf2 21. dxe6 Raf8 22. e7+ Kxe7 23. Rxh7+ Kd8 24. Rh8 Rxh8 25. Qg4 Rf1+ 0-1


[Site "https://www.chess.com"]

[Event "Titled Tuesday Blitz August 08 Early 2023"]
[White "Fominykh, Maria"]
[Black "Ansh M Shah"]
[WhiteFideId "4142411"]
[BlackFideId "25033379"]
[WhiteElo "2212"]
[BlackElo "2526"]
[Result "1-0"]
[Round "5"]
[TimeControl "180+1"]
[Date "2023.08.08"]
[WhiteClock "0:00:05"]
[BlackClock "0:00:01"]
[Board "157"]

1. d4 Nf6 2. c4 e6 3. Nf3 c5 4. d5 exd5 5. cxd5 d6 6. Nc3 g6 7. e4 Bg7 8. Bd3 O-O 9. O-O Re8 10. h3 c4 11. Bc2 b5 12. Nxb5 Nxe4 13. Bf4 a6 14. Nbd4 Bb7 15. Ba4 Re7 16. Bc6 Nxc6 17. dxc6 Bc8 18. Rc1 d5 19. b3 c3 20. c7 Rxc7 21. Bxc7 Qxc7 22. Ne2 Be6 23. Nfd4 Qb6 24. Qd3 Rc8 25. Kh2 Qd6+ 26. g3 Qb6 27. f3 Nd2 28. Rf2 Bf5 29. Qe3 Bd7 30. Rxc3 Rxc3 31. Qxc3 Nb1 32. Qd3 Na3 33. Rf1 Nb5 34. Nxb5 Bxb5 35. Qd2 d4 36. Rg1 d3 37. Nf4 Bh6 38. Rg2 Qd6 39. h4 Bxf4 40. Qxf4 Qxf4 41. gxf4 Kg7 42. Rd2 Kf6 43. a4 Bc6 44. Rxd3 Bd7 45. Rxd7 Ke6 46. Ra7 1-0


[Site "https://www.chess.com"]

[Event "Titled Tuesday Blitz August 08 Early 2023"]
[White "Martin Barcelo, Carles"]
[Black "Falbo, Sandro"]
[WhiteFideId "24561444"]
[BlackFideId "810444"]
[WhiteElo "2521"]
[BlackElo "2211"]
[Result "1-0"]
[Round "5"]
[TimeControl "180+1"]
[Date "2023.08.08"]
[WhiteClock "0:00:10"]
[BlackClock "0:00:00"]
[Board "158"]

1. e4 c5 2. Nf3 Nc6 3. Nc3 e5 4. Bc4 Be7 5. O-O Nf6 6. d3 O-O 7. a3 d6 8. h3 Be6 9. Be3 Nd4 10. Nd5 Bxd5 11. Bxd5 Nxd5 12. exd5 Nf5 13. Nd2 Bg5 14. Bxg5 Qxg5 15. Ne4 Qe7 16. f4 exf4 17. Rxf4 Nd4 18. c3 f5 19. cxd4 fxe4 20. Rxe4 Qg5 21. dxc5 Qxd5 22. cxd6 Qxd6 23. Qb3+ Kh8 24. Qxb7 Qxd3 25. Rae1 h6 26. Rg4 Rg8 27. Kh1 Rab8 28. Qxa7 Rxb2 29. Qe3 Qc2 30. a4 Ra2 31. Qe4 Qf2 32. Qe3 Qc2 33. Qe4 Qf2 34. Rf4 Qd2 35. Ref1 Rb2 36. Rf8 Rb8 37. Rxg8+ Rxg8 38. Qf4 Qa5 39. Rd1 Ra8 40. Rd4 Qe1+ 41. Kh2 Qa5 42. Re4 Qd8 43. Re5 Qb8 44. Rf5 Qxf4+ 45. Rxf4 Ra5 46. Kg3 Kh7 47. h4 Kg6 48. Kf3 h5 49. Ke3 Re5+ 50. Kd3 Rd5+ 51. Kc3 Re5 52. Kd4 Ra5 53. Kc3 Re5 54. Rd4 Re3+ 55. Rd3 Re4 56. Rd4 Re3+ 57. Kb4 Rg3 58. a5 Rxg2 59. a6 Ra2 60. Kb5 Rb2+ 61. Kc6 Ra2 62. Kb7 Kf5 63. a7 Rxa7+ 64. Kxa7 g5 65. Rd5+ Kg4 66. hxg5 h4 67. g6 h3 68. g7 h2 69. Rd1 1-0


[Site "https://www.chess.com"]

[Event "Titled Tuesday Blitz August 08 Early 2023"]
[White "Eynullayev, Atilla"]
[Black "Jodorcovsky Werjivker, Paulo"]
[WhiteFideId "13413570"]
[BlackFideId "3700305"]
[WhiteElo "2521"]
[BlackElo "2193"]
[Result "1-0"]
[Round "5"]
[TimeControl "180+1"]
[Date "2023.08.08"]
[WhiteClock "0:00:10"]
[BlackClock "0:00:12"]
[Board "159"]

1. d4 d5 2. c4 e6 3. Nc3 c5 4. cxd5 exd5 5. Nf3 Nc6 6. g3 Nf6 7. Bg2 cxd4 8. Nxd4 Bc5 9. Nb3 Bb6 10. O-O d4 11. Na4 O-O 12. Bg5 Re8 13. Bxf6 Qxf6 14. Nxb6 axb6 15. Bxc6 bxc6 16. Qxd4 Qxd4 17. Nxd4 c5 18. Nb5 Rxe2 19. Rfe1 Rxa2 20. Nc3 Rxa1 21. Rxa1 Re8 22. Nd5 Bh3 23. Nxb6 h6 24. Ra8 Rxa8 25. Nxa8 Kf8 26. f3 Bd7 27. Nb6 Bc6 28. Kf2 Ke7 29. Nc4 Bb5 30. Ne5 f6 31. Ng6+ Kd6 32. Ke3 Be8 33. Nf4 Bc6 34. Nh5 Be8 35. Nxg7 Bg6 36. Kf4 c4 37. Nf5+ Kc5 38. Ne3 Kd4 39. g4 Bf7 40. h4 Kd3 41. h5 Kd2 42. Ke4 Kc1 43. Kd4 Kxb2 44. Nxc4+ Kc1 45. Nd6 Be6 46. Ke4 Kd2 47. Nf5 Ke2 48. Nxh6 Bc8 49. Nf5 Bb7+ 50. Kf4 Kf2 51. h6 Bxf3 52. h7 Bxg4 53. Kxg4 Kg1 54. h8=Q Kg2 55. Qh3+ Kg1 56. Qe3+ Kh1 57. Qd2 Kg1 58. Kg3 1-0


[Site "https://www.chess.com"]

[Event "Titled Tuesday Blitz August 08 Early 2023"]
[White "Feliz Dotel, Dewar Bienvenido"]
[Black "Womacka, Mathias"]
[WhiteFideId "6402801"]
[BlackFideId "4611390"]
[WhiteElo "2167"]
[BlackElo "2520"]
[Result "1-0"]
[Round "5"]
[TimeControl "180+1"]
[Date "2023.08.08"]
[WhiteClock "0:00:04"]
[BlackClock "0:00:00"]
[Board "160"]

1. d4 Nf6 2. e3 e6 3. Nf3 c5 4. dxc5 Bxc5 5. a3 d5 6. c4 O-O 7. cxd5 exd5 8. Bd3 Nc6 9. O-O Bg4 10. h3 Bh5 11. Be2 Qe7 12. b4 Bb6 13. Nc3 Rad8 14. Bb2 d4 15. exd4 Nxd4 16. Nxd4 Bxd4 17. Bxh5 Bxc3 18. Bxf7+ Qxf7 19. Qc2 Bxb2 20. Qxb2 Ne4 21. Qa2 Rd2 22. Qxf7+ Rxf7 23. Rae1 Rfxf2 24. Rxf2 Nxf2 25. Re7 b5 26. Rxa7 Ne4 27. Rb7 Nc3 28. Rc7 Ne2+ 29. Kh2 Nf4 30. Kg3 Nxg2 31. Rc5 Ne1 32. Rxb5 Rd3+ 33. Kf2 Nc2 34. a4 Rxh3 35. Rb8+ Kf7 36. b5 Ra3 37. Ra8 Nd4 38. b6 Nc6 39. a5 Rxa5 40. b7 Rb5 41. Rc8 Rxb7 42. Rxc6 h5 43. Kg3 Rb4 44. Ra6 Kg8 45. Rc6 Kh7 46. Ra6 g6 47. Rc6 Kh6 48. Rc8 h4+ 49. Kh3 Kh5 50. Rh8+ Kg5 51. Rc8 Rb3+ 52. Kg2 Kg4 53. Rc4+ Kh5 54. Rd4 g5 55. Rd5 h3+ 56. Kh2 Kh4 57. Rd4+ g4 58. Ra4 Rb2+ 59. Kg1 Re2 60. Rb4 1-0


[Site "https://www.chess.com"]

[Event "Titled Tuesday Blitz August 08 Early 2023"]
[White "Domingo Nunez, Alejandro"]
[Black "Thorsteinsdottir, Hallgerdur"]
[WhiteFideId "22245561"]
[BlackFideId "2302454"]
[WhiteElo "2518"]
[BlackElo "2164"]
[Result "1-0"]
[Round "5"]
[TimeControl "180+1"]
[Date "2023.08.08"]
[WhiteClock "0:00:12"]
[BlackClock "0:00:00"]
[Board "161"]

1. Nf3 Nf6 2. g3 b6 3. Bg2 Bb7 4. O-O e6 5. b3 Be7 6. Bb2 O-O 7. c4 d5 8. cxd5 Nxd5 9. d4 c5 10. dxc5 Bxc5 11. Nbd2 Nc6 12. Rc1 Rc8 13. a3 a5 14. Qc2 Qe7 15. e4 Nf6 16. Nb1 Rfd8 17. Qe2 Nb8 18. Rfd1 Nxe4 19. Nd4 Nf6 20. Nb5 Bxg2 21. Kxg2 Nc6 22. h4 Nd5 23. Nd2 Qe8 24. Ne4 Bf8 25. h5 h6 26. Qf3 Qe7 27. Rc4 Nb8 28. Rcd4 Rc2 29. Bc1 Rdc8 30. Nd2 Rxc1 31. Rxc1 Rxc1 32. Nc4 Qg5 33. Rg4 Qf6 34. Qe2 Rb1 35. Ne5 Rxb3 36. Nd3 Rxa3 37. Nd4 Rc3 38. Ne5 a4 39. Ndf3 a3 40. Qa2 Nb4 41. Qa1 Rc2 42. Qb1 a2 43. Qa1 Rb2 44. Rxb4 Rxb4 45. Qxa2 Nc6 46. Nxc6 Rb5 47. Ncd4 Rxh5 48. Ne2 Rf5 49. Nf4 Rxf4 50. gxf4 Qxf4 51. Qe2 Qg4+ 52. Kf1 b5 53. Qe3 b4 54. Nd2 Qd1+ 55. Kg2 Qc2 56. Ne4 Qc3 57. Nxc3 bxc3 58. Qxc3 Kh7 59. Qc8 Kg8 60. Kf3 h5 61. Qe8 g6 62. Kf4 Kg7 63. Ke4 Bd6 64. Qd7 Bh2 65. Qd4+ Kh7 66. Qf6 Kg8 67. f4 Bg1 68. Ke5 Bb6 69. Kd6 Ba5 70. Kd7 Bb4 71. Ke8 Ba5 72. Qxf7+ Kh8 73. Qxg6 1-0


[Site "https://www.chess.com"]

[Event "Titled Tuesday Blitz August 08 Early 2023"]
[White "Narayanan, Srinath"]
[Black "Namitbir Singh Walia"]
[WhiteFideId "5018420"]
[BlackFideId "35071068"]
[WhiteElo "2855"]
[BlackElo "2422"]
[Result "1-0"]
[Round "5"]
[TimeControl "180+1"]
[Date "2023.08.08"]
[WhiteClock "0:00:04"]
[BlackClock "0:00:06"]
[Board "162"]

1. Nf3 Nf6 2. c4 g6 3. b3 Bg7 4. Bb2 O-O 5. g3 c6 6. Bg2 d5 7. O-O b6 8. d3 Bb7 9. Nbd2 Nbd7 10. a3 dxc4 11. bxc4 c5 12. a4 Qc7 13. Qb3 e5 14. a5 Rfe8 15. Rfd1 Nb8 16. Nxe5 Bxg2 17. Kxg2 bxa5 18. Ndf3 Qb6 19. Qa3 Ng4 20. d4 Nxe5 21. dxe5 Nc6 22. e3 Qb4 23. Rd5 Qxc4 24. Rxc5 Qe4 25. Qa4 Nb4 26. Rxa5 Red8 27. Bc3 Rab8 28. Rxa7 g5 29. Bxb4 Rxb4 30. Qa2 Rf8 31. h3 h5 32. Ra4 g4 33. hxg4 hxg4 34. Rxb4 gxf3+ 35. Kg1 Qxb4 36. Qd5 Qg4 37. Ra4 Qxa4 38. Qxf3 Qa1+ 39. Kg2 Qxe5 40. Qb7 Qf6 41. Qd5 Rd8 42. Qc4 Qd6 43. Qh4 Qe7 44. Qxe7 1-0


[Site "https://www.chess.com"]

[Event "Titled Tuesday Blitz August 08 Early 2023"]
[White "Smiechu"]
[Black "Kosteniuk, Alexandra"]
[BlackFideId "4128125"]
[WhiteElo "2375"]
[BlackElo "2757"]
[Result "0-1"]
[Round "5"]
[TimeControl "180+1"]
[Date "2023.08.08"]
[WhiteClock "0:00:01"]
[BlackClock "0:00:06"]
[Board "163"]

1. e4 c5 2. Nf3 e6 3. d4 cxd4 4. Nxd4 a6 5. Bd3 Nc6 6. Nxc6 bxc6 7. c4 g6 8. Bd2 Bg7 9. Bc3 e5 10. O-O Ne7 11. f4 d6 12. f5 gxf5 13. exf5 Bf6 14. Nd2 d5 15. Qh5 Qb6+ 16. Kh1 Qe3 17. Rae1 Qxd3 18. Bxe5 Bxe5 19. Rxe5 Qxd2 20. f6 Rg8 21. Rxe7+ Kd8 22. Re2 Qg5 23. Qxf7 Bd7 24. cxd5 Qxd5 25. Qxh7 Kc7 26. f7 Rh8 27. Qg7 Raf8 28. Re5 Qd6 29. Qg3 Rh7 30. Qe3 Kb7 31. Qb3+ Ka7 32. Qe3+ c5 33. Qxc5+ Qxc5 34. Rxc5 Rhxf7 35. Rxf7 Rxf7 36. h3 Kb6 37. Rc2 Be6 38. a3 a5 39. Kh2 Bb3 40. Rd2 Kc5 41. g4 a4 42. Kg3 Bd5 43. g5 Rf3+ 44. Kg4 Rf1 45. h4 Rg1+ 46. Kh5 Be4 47. Re2 Kd4 48. Kh6 Rh1 49. h5 Rxh5+ 50. Kxh5 Bf3+ 51. Kh4 Bxe2 52. Kg3 Ke3 53. g6 Bc4 54. Kg2 Kd2 55. Kf2 Bg8 56. g7 Bd5 57. Kf1 Bc4+ 58. Kf2 Kc2 59. Ke1 Bg8 60. Ke2 Bf7 61. Ke1 Bc4 62. Kf2 Kxb2 63. Ke3 Bb3 64. Kd2 Kxa3 65. Kc1 Ka2 66. g8=Q Bxg8 67. Kc2 a3 68. Kc1 Bh7 69. Kd2 Kb2 0-1


[Site "https://www.chess.com"]

[Event "Titled Tuesday Blitz August 08 Early 2023"]
[White "Goroshkov, Maksym"]
[Black "Pershina, Elena"]
[WhiteFideId "14142716"]
[BlackFideId "24147516"]
[WhiteElo "2647"]
[BlackElo "2395"]
[Result "1-0"]
[Round "5"]
[TimeControl "180+1"]
[Date "2023.08.08"]
[WhiteClock "0:00:18"]
[BlackClock "0:00:00"]
[Board "164"]

1. e4 c5 2. b4 cxb4 3. a3 d5 4. exd5 Qxd5 5. Nf3 Bg4 6. axb4 Bxf3 7. Qxf3 Qxf3 8. gxf3 e5 9. Bb5+ Nc6 10. Bb2 f6 11. Nc3 Bxb4 12. Nd5 Bd6 13. Nb6 Rb8 14. Nc4 Bc5 15. Ba3 Bxa3 16. Rxa3 Ne7 17. Rxa7 O-O 18. Bxc6 Nxc6 19. Ra2 Nd4 20. c3 Nxf3+ 21. Ke2 Ng5 22. Rb1 Ne6 23. Rab2 Nf4+ 24. Ke3 Rfd8 25. Rxb7 Rd3+ 26. Ke4 Rbd8 27. Rb8 Kf7 28. R8b7+ Kg6 29. Rg1+ Kh6 30. Rgxg7 Ne6 31. Rg3 Ng5+ 32. Kf5 Rxg3 33. hxg3 Nf3 34. Ne3 Nxd2 35. Ng4+ 1-0


[Site "https://www.chess.com"]

[Event "Titled Tuesday Blitz August 08 Early 2023"]
[White "Zeynalli, Rashad"]
[Black "Kanyamarala, Trisha"]
[WhiteFideId "13403320"]
[BlackFideId "45004722"]
[WhiteElo "2646"]
[BlackElo "2363"]
[Result "1-0"]
[Round "5"]
[TimeControl "180+1"]
[Date "2023.08.08"]
[WhiteClock "0:00:57"]
[BlackClock "0:00:14"]
[Board "165"]

1. e4 c5 2. Nf3 d6 3. Bb5+ Nd7 4. a4 g6 5. a5 a6 6. Bc4 Bg7 7. Bxf7+ Kxf7 8. Ng5+ Ke8 9. Ne6 Bf6 10. Nc3 Ne5 11. Nxd8 Kxd8 12. Nd5 Bg7 13. d3 Nf6 14. O-O Bd7 15. h3 Bc6 16. Nb6 Rb8 17. f4 Ned7 18. e5 Nd5 19. exd6 exd6 20. f5 Bd4+ 21. Kh1 N7xb6 22. Bg5+ Kc7 23. axb6+ Kxb6 24. c3 Be3 25. Qb3+ Ka7 26. c4 Bxg5 27. cxd5 Bd7 28. f6 Rhf8 29. f7 h5 30. d4 cxd4 31. Qd3 Be3 32. Qxg6 Bb5 33. Qxd6 Bxf1 34. Qc5+ Ka8 35. Rxf1 Rbc8 36. Qxc8+ Rxc8 37. f8=Q Rxf8 38. Rxf8+ Ka7 39. d6 Bg5 40. d7 d3 41. d8=Q Bxd8 42. Rxd8 d2 43. Rxd2 Kb6 44. Rd5 Kc6 45. Rxh5 b5 46. Rh6+ Kc5 47. Rxa6 1-0


[Site "https://www.chess.com"]

[Event "Titled Tuesday Blitz August 08 Early 2023"]
[White "Kononenko, Dmitry"]
[Black "Korpics, Zsolt"]
[WhiteFideId "14113538"]
[BlackFideId "705241"]
[WhiteElo "2598"]
[BlackElo "2349"]
[Result "0-1"]
[Round "5"]
[TimeControl "180+1"]
[Date "2023.08.08"]
[WhiteClock "0:02:10"]
[BlackClock "0:01:02"]
[Board "166"]

1. e4 c5 2. Nf3 e6 3. d4 cxd4 4. Nxd4 Nc6 5. Nc3 Qc7 6. Bc4 Nf6 7. O-O Nxd4 8. Qxd4 Bc5 9. Nb5 Qc6 10. Qd3 a6 11. Nd4 Qd6 12. Be3 Ng4 13. g3 Ne5 14. Qd1 Bxd4 15. Bxd4 Qxd4 16. Qxd4 Nf3+ 17. Kg2 Nxd4 18. Rfd1 Nc6 19. f4 b5 20. Be2 Bb7 21. Bf3 Ke7 22. e5 Na5 23. Bxb7 Nxb7 24. Rd2 d5 25. a4 bxa4 26. Rxa4 Nc5 27. Ra5 Ne4 28. Rd4 Rhc8 29. c3 Rab8 30. Ra2 Rb6 31. f5 exf5 32. Rxd5 Rcb8 33. Kh3 Rxb2 34. Rxa6 Ng5+ 35. Kh4 Nf3+ 36. Kh5 Rxh2# 0-1


[Site "https://www.chess.com"]